 Dungeon Crawl Stone Soup version 0.31-a0-219-g8d62b2e7bb (webtiles) character file.

Game seed: 5843194477990657110

83 Newt the Shooter (level 4, 0/31 HPs)
             Began as a Kobold Hunter on July 3, 2023.
             Killed by divine providence
             ... invoked by an orc priest
              (14 damage)
             ... on level 4 of the Dungeon.
             The game lasted 00:02:03 (2816 turns).

Newt the Shooter (Kobold Hunter)                    Turns: 2816, Time: 00:02:04

Health: 0/31       AC:  3    Str:  8    XL:     4   Next: 71%
Magic:  4/4        EV: 14    Int: 10    God:
Gold:   35         SH:  5    Dex: 20    Spells: 3/3 levels left

rFire   . . .        f - +2 spear (venom)
rCold   . . .        (no shield)
rNeg    . . .        c - +0 leather armour
rPois   .            (no helmet)
rElec   .            (no cloak)
rCorr   .            (no gloves)
SInv    .            (no boots)
Will    .....        m - amulet of reflection
Stlth   +++          (no ring)
HPRegen 0.25/turn    (no ring)
MPRegen 0.09/turn

%: reflection
@: no status effects
A: small, no large weapons, nightstalker 3
a: no special abilities


You were on level 4 of the Dungeon.
You visited 1 branch of the dungeon, and saw 4 of its levels.

You collected 184 gold pieces.
You spent 149 gold pieces at shops.

Inventory:

Hand Weapons
 a - a +0 shortbow
 f - a +2 spear of venom (weapon)
Armour
 c - a +0 leather armour (worn)
Jewellery
 g - an amulet of magic regeneration
 m - an amulet of reflection (around neck)
 p - a ring of flight
Wands
 o - a wand of roots (3)
Scrolls
 d - a scroll of torment
 e - a scroll of fear
 j - 2 scrolls of enchant weapon
 q - a scroll of identify
Potions
 h - a potion of enlightenment
 i - 2 potions of berserk rage
 k - a potion of attraction
 l - a potion of might
 n - 2 potions of curing


   Skills:
 - Level 5.0 Fighting
 + Level 5.3 Ranged Weapons
 - Level 2.4 Dodging
 - Level 1.3 Stealth


You had 3 spell levels left.
You didn't know any spells.
Your spell library was empty.

Dungeon Overview and Level Annotations

Branches:
Dungeon (4/15)
 Temple: D:4-7

Altars:

Shops:
D:3 ?

Annotations:
D:3 1 runed translucent door, Newt's ghost, amateur KoHu


Innate Abilities, Weirdness & Mutations

You are small and have problems with some larger weapons.
You are completely attuned to the shadows.


Message History

You see here a +0 ring mail.
Newt's ghost turns its malevolent gaze towards you.
Could not explore, unopened runed door.
Could not explore, unopened runed door.
Failed to move towards target.
(D) Dungeon
Where to? (Enter - D:3, ? - help)
You see here a +0 ring mail.
There is a stone staircase leading down here.
You climb downwards.
Found a stone staircase leading up.
There is a stone staircase leading up here.
As you read the scroll of identify, it crumbles to dust.
l - a potion of might It was a potion of curing.
You feel better.
You now have 35 gold pieces (gained 11).
An orc warrior and an orc come into view.
Found 18 gold pieces.
The orc moves out of view.
An orc priest comes into view. It is wielding a +0 whip.
The orc warrior shouts!
The orc closely misses you.
An iguana comes into view.
You hit the orc priest.
The orc priest is poisoned.
The orc priest is moderately wounded.
The orc hits you with a +0 dagger. The orc priest completely misses you.
The orc attacks as you move away! The orc barely misses you.
The orc attacks as you move away! The orc hits you but does no damage.
You hit the orc but do no damage.
The orc is poisoned.
The orc hits you with a +0 dagger.
The orc warrior attacks as you move away!
The orc warrior hits you with a +0 battleaxe!
Unknown command.
As you read the scroll of butterflies, it crumbles to dust.
You hear the flapping of tiny wings.
The orc is knocked back by the sudden gust.
The orc warrior is knocked back by the sudden gust.
The iguana barely misses your butterfly.
The orc priest calls down the wrath of Beogh upon you.
Beogh smites you!
You die... #.........# #.........# ..........# ......## #.bb......# #bbbbb....# #bbbbbb...# #bbbbbb...#

.###b@bbbb...#
...##bbbbb..##
#...#obobb.##
#$l.ol######
......#
......#
.....## .....#


You could see an orc warrior (ally target), an iguana, an orc priest (very
poisoned) and an orc (very poisoned, ally target).

Vanquished Creatures
  2 adders (D:2)
  A worm (D:2)
  3 dart slugs
  4 ball pythons
  2 bats
  4 endoplasms
  2 giant cockroaches (D:1)
  3 goblins
  6 hobgoblins
  10 jackals
  2 kobolds (D:3)
  2 quokkas (D:1)
  5 frilled lizards
  4 rats
50 creatures vanquished.

Notes
Turn   | Place    | Note
-------+----------+-------------------------------------------
     0 | D:1      | Newt the Kobold Hunter began the quest for the Orb.
     0 | D:1      | Reached XP level 1. HP: 12/12 MP: 1/1
    68 | D:1      | Reached XP level 2. HP: 12/18 MP: 2/2
   259 | D:1      | Found a faded altar of an unknown god.
   630 | D:1      | Reached XP level 3. HP: 23/23 MP: 3/3
  1505 | D:2      | Reached XP level 4. HP: 30/30 MP: 4/4
  2301 | D:3      | Found a runed translucent door.
  2302 | D:3      | Noticed Newt's ghost (amateur KoHu)
  2491 | D:3      | Reached skill level 5 in Fighting
  2691 | D:3      | Found Siwk's Magic Scroll Emporium.
  2697 | D:3      | Bought 2 scrolls of identify for 52 gold pieces
  2697 | D:3      | Bought a scroll of enchant weapon for 97 gold pieces
  2809 | D:4      | Noticed an orc warrior
  2816 | D:4      | Killed from afar by an orc priest

Illustrated notes

Levels and vault maps discovered:
D:1:      roderic_chinese_lattice_arrival, layout_loops_corners,
          ebering_ecumenical_altar_sacrificial, chequers_big_river,
          serial_bayou_lake_a
D:2:      layout_loops_ring, minmay_tetromino_l4
D:3:      layout_loops_ring, serial_shops, nicolae_lakefront_shop,
          gammafunk_ghost_grave, nrook_mini_vaults
D:4:      layout_rooms, nicolae_ru_sacrificial_ziggurat,
          chequers_temple_overflow_minitemple, kennysheep_generic_room_3

Skill      XL: |  1  2  3  4 |
---------------+-------------+-----
Fighting       | 3 4 5 |  5.0
Ranged Weapons | |  5.3
Dodging        | |  2.4
Stealth        | |  1.3

Action                     |  1- 3 |  4- 6 || total
---------------------------+-------+-------++-------
  Melee: Spear             |    42 |    47 ||    89
   Fire: Shortbow          |    45 |       ||    45
    Use: Scroll            |       |     7 ||     7
         Potion            |       |     2 ||     2
   Stab: Sleeping          |    16 |     6 ||    22
         Distracted        |       |     1 ||     1
 Armour: Leather armour    |    12 |     9 ||    21
  Dodge: Dodged            |    47 |    22 ||    69
  Block: Other             |       |     4 ||     4

Table legend: (Time is in decaauts)
 A = Elapsed time spent in this place.
 B = Non-inter-level travel time spent in this place.
 C = Inter-level travel time spent in this place.
 D = Time resting spent in this place.
 E = Time spent auto-exploring this place.
 F = Levels seen in this place.
 G = Mean time per level.
                   A        B        C        D        E       F      G
               +--------+--------+--------+--------+--------+-----+--------+
         Total |   2889 |   2793 |     96 |      0 |   2462 |   4 |  722.2 |
       Dungeon |   2889 |   2793 |     96 |      0 |   2462 |   4 |  722.2 |
               +--------+--------+--------+--------+--------+-----+--------+

Top non-repeatable levels by time:
     D:1: 1400 daAuts
     D:2: 739 daAuts
     D:3: 718 daAuts
     D:4: 31 daAuts
